 Dungeon Crawl Stone Soup version 0.29.1 (webtiles) character file.

Game seed: 10121715620438979715

101 mtoz the Magician (level 4, -8/52 HPs)
             Began as a Demigod Wanderer on Sept 14, 2022.
             Mangled by Pikel
             ... wielding a +2 whip of freezing
              (10 damage)
             ... on level 4 of the Dungeon.
             The game lasted 00:09:11 (2232 turns).

mtoz the Magician (Demigod Wanderer)                Turns: 2232, Time: 00:09:12

Health: -8/52      AC:  4    Str: 16    XL:     4   Next: 24%
Magic:  12/12      EV: 11    Int: 15    God:
Gold:   133        SH:  0    Dex: 13    Spells: 9/10 levels left

rFire   . . .      SeeInvis .   a - +2 dagger
rCold   . . .      Faith    .   (no shield)
rNeg    . . .      Spirit   .   h - +0 leather armour
rPois   .          Reflect  .   (no helmet)
rElec   .          Harm     .   k - +0 cloak
rCorr   .          Rampage  .   (no gloves)
Will    .....                   (no boots)
Stlth   ..........              (no amulet)
HPRegen 0.17/turn               (no ring)
MPRegen 0.13/turn               (no ring)

@: berserking, very quick
A: high MP 1, forlorn, divine attributes
a: no special abilities


You were on level 4 of the Dungeon.
You visited 1 branch of the dungeon, and saw 3 of its levels.

You collected 133 gold pieces.

Inventory:

Hand Weapons
 a - a +2 dagger (weapon)
 d - a +0 dagger
 l - a +0 short sword
Missiles
 c - 3 poisoned darts (quivered)
 p - 10 javelins
Armour
 f - a +0 robe
 h - a +0 leather armour (worn)
 k - a +0 cloak (worn)
Scrolls
 i - 2 scrolls of acquirement {unknown}
 j - a scroll of immolation {unknown}
 m - a scroll of identify {unknown}
 q - a scroll of teleportation {unknown}
Potions
 b - 2 potions of haste
 g - 2 potions of magic {unknown}
 n - a potion of might {unknown}
 r - a potion of flight {unknown}
 s - a potion of cancellation {unknown}


   Skills:
 + Level 1.6 Fighting
 + Level 1.1 Short Blades
 + Level 1.6 Throwing
 + Level 1.7 Armour
 + Level 1.6 Dodging
 + Level 2.4 Stealth
 + Level 3.8 Spellcasting


You had 9 spell levels left.
You knew the following spells:

 Your Spells              Type           Power      Damage    Failure   Level
a - Apportation           Tloc           4%         N/A       22%         1

Your spell library contained the following spells:

 Spells                   Type           Power      Damage    Failure   Level
 Teleport Other           Tloc           2%         N/A       56%         3


Dungeon Overview and Level Annotations

Branches:
Dungeon (2/15)

Annotations:
D:4 Pikel


Innate Abilities, Weirdness & Mutations

You have an increased reservoir of magic. (+10% MP)
You shall have no god before yourself.
Your divine heritage dramatically boosts your attributes as you level up.


Message History

The poisoned dart hits the lemure.
The lemure is poisoned.
Pikel hits you with a +2 whip of freezing!
Pikel freezes you.
You miss Pikel.
Pikel is lightly wounded.
Pikel hits you but does no damage.
You barely miss Pikel.
Pikel is lightly wounded.
Pikel hits you with a +2 whip of freezing!
Pikel freezes you.
You closely miss Pikel.
Pikel is lightly wounded.
Pikel hits you with a +2 whip of freezing.
Pikel freezes you.
You hit Pikel.
Pikel is moderately wounded.
Pikel completely misses you.
Okay, then.
Sorry, you're not good enough to have a special ability.
A red film seems to cover your vision as you go berserk!
You feel yourself moving faster!
You feel mighty!
Pikel hits you with a +2 whip of freezing!
* * * LOW HITPOINT WARNING * * *
Pikel freezes you.
* * * LOW HITPOINT WARNING * * *
You closely miss Pikel.
Pikel is moderately wounded.
You closely miss Pikel.
Pikel is moderately wounded.
The lemure looks more healthy.
Pikel says, "You'll make a fine lemure."
Pikel hits you with a +2 whip of freezing.
* * * LOW HITPOINT WARNING * * *
Pikel freezes you.
* * * LOW HITPOINT WARNING * * *
You closely miss Pikel.
Pikel is moderately wounded.
Pikel hits you with a +2 whip of freezing!
You die...

....((.
.......
.....(.
.......
..(.5 .55
#K########
#.@..)...#
########.#
#.# #.#
###########
#)#
#.รท.......#
#.#
#.#######.#
#.# #.# #.#
#.# #.# #.#
#.#


You could see Pikel (poisoned) and 3 lemures.

Vanquished Creatures
  A hound (D:4)
  Natasha (D:2)
  An adder (D:2)
  A dart slug (D:1)
  An orc (D:4)
  A ball python (D:2)
  3 bats
  3 endoplasms
  A giant cockroach (D:2)
  4 hobgoblins
  4 jackals (D:2)
  3 quokkas
  A frilled lizard (D:1)
  6 kobolds
  A rat (D:2)
32 creatures vanquished.

Vanquished Creatures (others)
  A ball python (D:4)
  6 plants (D:4)
7 creatures vanquished.

Grand Total: 39 creatures vanquished

Notes
Turn   | Place    | Note
-------+----------+-------------------------------------------
     0 | D:1      | mtoz the Demigod Wanderer began the quest for the Orb.
     0 | D:1      | mtoz set off with the following items: a +2 dagger, a
                  | potion of haste, 13 poisoned darts, a +0 dagger, a potion
                  | of berserk rage, a +0 robe; and the following spell
                  | memorised: Apportation; and the following spells available
                  | to memorise: Teleport Other.
     0 | D:1      | Reached XP level 1. HP: 16/16 MP: 7/7
   448 | D:1      | Reached XP level 2. HP: 23/23 MP: 9/9
  1455 | D:2      | Reached XP level 3. HP: 21/28 MP: 11/11
  1665 | D:2      | Noticed Natasha
  1679 | D:2      | Killed Natasha
  1854 | D:2      | Reached skill level 1 in Short Blades
  1927 | D:2      | You fall into a shaft and drop 2 floors!
  1954 | D:4      | Reached XP level 4. HP: 12/35 MP: 12/12
  2218 | D:4      | Noticed Pikel
  2218 | D:4      | Noticed a lemure
  2219 | D:4      | Noticed a lemure
  2220 | D:4      | Noticed a lemure
  2231 | D:4      | HP: 2/52 [Pikel/+2 whip of freezing (2)]
  2232 | D:4      | Mangled by Pikel

Illustrated notes

Levels and vault maps discovered:
D:1:      dpeg_arrival_stonehenge_8_columns, layout_basic,
          ebering_ecumenical_altar_sacrificial
D:2:      layout_rooms, minmay_misc_feat_secret_circle, grunt_decor_resistance,
          st_stairs_14, uniq_natasha
D:4:      layout_basic, nicolae_kikubaaqudgha_miasma_corner,
          minmay_temple_entry_gardened_gates, serial_shops, nicolae_square_shop,
          uniq_pikel, uniq_sigmund

Skill      XL: |  1  2  3 |
---------------+----------+-----
Stealth        | 2 |  2.4
Short Blades   | 1 |  1.1
Fighting       | |  1.6
Throwing       | |  1.6
Armour         | |  1.7
Dodging        | |  1.6
Spellcasting   | |  3.8

Action                   |  1- 3 |  4- 6 || total
-------------------------+-------+-------++-------
Melee: Dagger            |   107 |    10 ||   117
       Punch             |     1 |       ||     1
Throw: Dart              |    31 |     9 ||    40
       Stone             |    20 |     1 ||    21
  Use: Potion            |       |     1 ||     1
Armor: Leather armour    |    27 |     1 ||    28
       Robe              |     1 |       ||     1
Dodge: Dodged            |    55 |     2 ||    57
